 Dungeon Crawl Stone Soup version 0.29-a0-371-g91724d5b39 (webtiles) character file.

Game seed: 7418579027775995664

1661 Sweeb the Slasher (level 8, 0/67 HPs)
             Began as a Demigod Gladiator on May 3, 2022.
             Slain by a gnoll
             ... wielding a +0 halberd
             ... led by a gnoll sergeant
              (8 damage)
             ... on level 6 of the Dungeon.
             The game lasted 00:09:21 (6925 turns).

Sweeb the Slasher (Demigod Gladiator)               Turns: 6925, Time: 00:09:22

Health: 0/67       AC:  6    Str: 13    XL:     8   Next: 41%
Magic:  10/10      EV: 16    Int:  8    God:
Gold:   253        SH:  0    Dex: 23    Spells: 7/7 levels left

rFire   . . .      SeeInvis .   a - +1 long sword
rCold   . . .      Faith    .   (no shield)
rNeg    . . .      Spirit   .   b - +0 leather armour
rPois   .          Reflect  .   c - +2 helmet
rElec   .          Harm     .   (no cloak)
rCorr   .          Rampage  .   (no gloves)
Will    .....                   (no boots)
Stlth   +++.......              (no amulet)
HPRegen 0.21/turn               (no ring)
MPRegen 0.12/turn               (no ring)

@: no status effects
A: high MP 1, forlorn, divine attributes, dopey 1, sense surroundings 1, weak 1,
subdued magic 1
a: no special abilities


You were on level 6 of the Dungeon.
You visited 1 branch of the dungeon, and saw 6 of its levels.

You collected 253 gold pieces.

Inventory:

Hand Weapons
 a - a +1 long sword (weapon)
 h - a +2 vorpal falchion
Missiles
 d - 2 throwing nets (quivered)
 e - a javelin
Armour
 b - a +0 leather armour (worn)
 c - a +2 helmet (worn)
Jewellery
 l - a ring of flight
Wands
 j - a wand of digging (8)
 n - a wand of acid (3)
Scrolls
 f - a scroll of identify
 g - a scroll of teleportation
 m - a scroll of fog {unknown}
Potions
 i - a potion of brilliance
 k - a potion of heal wounds
 o - a potion of magic


   Skills:
 + Level 4.4 Fighting
 * Level 6.5 Long Blades
 - Level 1.7 Throwing
 * Level 6.4 Dodging
 + Level 4.2 Stealth


You had 7 spell levels left.
You didn't know any spells.
Your spell library contained the following spells:

 Spells                   Type           Power      Damage    Failure   Level
 Animate Skeleton         Necr           0%         N/A       45%         1
 Apportation              Tloc           0%         N/A       45%         1
 Summon Small Mammal      Summ           0%         N/A       45%         1
 Call Canine Familiar     Summ           0%         N/A       83%         3
 Dazzling Flash           Conj/Hex       0%         N/A       83%         3
 Summon Guardian Golem    Hex/Summ       0%         N/A       83%         3
 Iskenderun's Mystic Bla  Conj/Tloc      0%         2d3       99%         4
 Starburst                Conj/Fire      0%         6d3       100%        6


Dungeon Overview and Level Annotations

Branches:
Dungeon (6/15)             Temple (0/1) D:5


Innate Abilities, Weirdness & Mutations

You have an increased reservoir of magic. (+10% MP)
You shall have no god before yourself.
Your divine heritage dramatically boosts your attributes as you level up.
You are dopey. (Int -2)
You passively map a small area around you.
You are weak. (Str -2)
Your spells are a little easier to cast, but a little less powerful.


Message History

The gnoll closely misses you.
You barely miss the gnoll sergeant.
The gnoll sergeant is moderately wounded.
The gnoll sergeant barely misses you. The gnoll misses you.
You hit the gnoll sergeant.
The gnoll sergeant is moderately wounded.
The gnoll sergeant hits you with a +0 vorpal spear!
The gnoll closely misses you.
You barely miss the gnoll sergeant.
The gnoll sergeant is moderately wounded.
The gnoll sergeant closely misses you. The gnoll misses you.
You closely miss the gnoll sergeant.
The gnoll sergeant is moderately wounded.
The gnoll sergeant closely misses you.
The gnoll hits you from afar with a +0 halberd!
You are too injured to fight recklessly!
You are too injured to fight recklessly!
You are too injured to fight recklessly!
You are too injured to fight recklessly!
You hit the gnoll sergeant but do no damage.
You punch the gnoll sergeant, but do no damage.
The gnoll sergeant is moderately wounded.
The gnoll sergeant hits you with a +0 vorpal spear!
* * * LOW HITPOINT WARNING * * *
x2 The gnoll barely misses you.
You hit the gnoll sergeant.
The gnoll sergeant is moderately wounded.
The gnoll sergeant hits you with a +0 vorpal spear.
* * * LOW HITPOINT WARNING * * *
x2 The gnoll misses you.
You hit the gnoll sergeant. You punch the gnoll sergeant.
The gnoll sergeant is heavily wounded.
The gnoll sergeant hits you but does no damage.
The gnoll hits you from afar with a +0 halberd!
* * * LOW HITPOINT WARNING * * *
You hit the gnoll sergeant but do no damage.
The gnoll sergeant is heavily wounded.
The gnoll sergeant closely misses you.
The gnoll hits you from afar with a +0 halberd!
You die...

######.≈#...#≈#.#≈##
#......#≈..#≈#≈#≈##
#.#......≈#≈###≈##
..........≈#######
#.......#........#
######.#########.#####
#.# #.....# #.#
#.....# ##+## #@g..!#
##...## #.....#
##.....## #g....#
##.......## #.#.###
##.........# ....#
.'.........+, ,....#
##.........# .>..#
##.......## #....
##.....## * *


You could see a gnoll sergeant and a gnoll.

Vanquished Creatures
  Prince Ribbit (D:6)
  A water moccasin (D:3)
  2 ice beasts
  An orc warrior (D:6)
  Blork the orc (D:5)
  A bullfrog (D:6)
  3 necrophages
  4 scorpions
  A howler monkey (D:6)
  An electric eel (D:6)
  An orc priest (D:6)
  2 jellies (D:6)
  An iguana (D:6)
  2 orc wizards (D:6)
  6 gnolls
  9 adders
  2 shadow imps (D:6)
  3 ufetubi
  2 worms
  2 dart slugs
  12 orcs
  4 endoplasms
  5 giant cockroaches
  5 goblins
  13 hobgoblins
  6 jackals
  4 quokkas
  9 ball pythons
  9 bats
  3 frilled lizards
  11 kobolds
  A rat (D:2)
128 creatures vanquished.

Vanquished Creatures (others)
  6 plants (D:3)
  5 toadstools (D:5)
11 creatures vanquished.

Grand Total: 139 creatures vanquished

Notes
Turn   | Place    | Note
-------+----------+-------------------------------------------
     0 | D:1      | Sweeb the Demigod Gladiator began the quest for the Orb.
     0 | D:1      | Reached XP level 1. HP: 17/17 MP: 3/3
   377 | D:1      | Reached XP level 2. HP: 17/24 MP: 4/4
   819 | D:1      | Reached skill level 1 in Stealth
   819 | D:1      | Reached XP level 3. HP: 29/29 MP: 5/5
  2674 | D:3      | Reached XP level 4. HP: 36/36 MP: 6/6
  3076 | D:3      | Noticed a water moccasin
  3399 | D:3      | Killed a water moccasin
  3400 | D:3      | Reached XP level 5. HP: 27/42 MP: 7/7
  3853 | D:4      | Reached XP level 6. HP: 49/50 MP: 8/8
  4648 | D:5      | Entered Level 5 of the Dungeon
  4829 | D:5      | Reached skill level 5 in Long Blades
  4829 | D:5      | Reached skill level 5 in Dodging
  4829 | D:5      | Reached XP level 7. HP: 45/57 MP: 9/9
  4891 | D:5      | Noticed Blork the orc
  4911 | D:5      | Killed Blork the orc
  5135 | D:5      | Found a staircase to the Ecumenical Temple.
  6165 | D:6      | Noticed Prince Ribbit
  6188 | D:6      | Killed Prince Ribbit
  6189 | D:6      | Reached XP level 8. HP: 43/66 MP: 10/10
  6207 | D:6      | Gained mutation: You are dopey. (Int -2) [potion of
                  | mutation]
  6207 | D:6      | Gained mutation: Your spells are a little easier to cast,
                  | but a little less powerful. [potion of mutation]
  6207 | D:6      | Gained mutation: You expend magic power (3 MP) to
                  | strengthen your wands. [potion of mutation]
  6380 | D:6      | Lost mutation: You expend magic power (3 MP) to strengthen
                  | your wands. [potion of mutation]
  6380 | D:6      | Lost mutation: You are dopey. (Int -2) [potion of mutation]
  6380 | D:6      | Gained mutation: You are weak. (Str -2) [potion of
                  | mutation]
  6380 | D:6      | Gained mutation: You are dopey. (Int -2) [potion of
                  | mutation]
  6380 | D:6      | Gained mutation: You passively map a small area around you.
                  | [potion of mutation]
  6925 | D:6      | Slain by a gnoll

Illustrated notes

Levels and vault maps discovered:
D:1:      eino_arrival_cavern_a, layout_loops_cross, basic_ecumenical_altar,
          minmay_misc_feat_roman
D:2:      layout_rooms, basic_altar, serial_curves, eino_curves_04,
          eino_curves_04
D:3:      layout_loops_cross, roderic_roman_lattice, chequers_big_river
D:4:      minmay_wonky_spiral, layout_loops_ring, mainiacjoe_overflow_alcove_1
D:5:      cheibrodos_fertilizer, layout_rooms, minmay_temple_entry_grid,
          gammafunk_ghost_smash, feat_on_display, uniq_blork_the_orc
D:6:      layout_loops_corners, evilmike_ruin_ashenzari, grunt_ministairs_11,
          nicolae_water_bricks, chequers_garden, grunt_tough_drop,
          uniq_prince_ribbit1

Skill      XL: |  1  2  3  4  5  6  7  8 |
---------------+-------------------------+-----
Fighting       | 2 3 4 |  4.4
Long Blades    | 3 4 5 6 |  6.5
Dodging        | 3 4 5 6 |  6.4
Stealth        | 1 2 3 4 |  4.2
Throwing       | |  1.7

Action                   |  1- 3 |  4- 6 |  7- 9 || total
-------------------------+-------+-------+-------++-------
Melee: Long sword        |   142 |   174 |   159 ||   475
       Punch             |       |     3 |     5 ||     8
Throw: Throwing net      |       |       |     3 ||     3
  Use: Scroll            |     5 |     8 |     3 ||    16
       Potion            |       |     3 |     3 ||     6
 Stab: Sleeping          |     3 |     3 |     4 ||    10
       Held in net/web   |       |       |     1 ||     1
Armor: Leather armour    |    54 |    52 |    35 ||   141
Dodge: Dodged            |   126 |   137 |   113 ||   376

Table legend: (Time is in decaauts)
 A = Elapsed time spent in this place.
 B = Non-inter-level travel time spent in this place.
 C = Inter-level travel time spent in this place.
 D = Time resting spent in this place.
 E = Time spent auto-exploring this place.
 F = Levels seen in this place.
 G = Mean time per level.
                   A        B        C        D        E       F      G
               +--------+--------+--------+--------+--------+-----+--------+
         Total |   7016 |   6897 |    119 |   2021 |   3490 |   6 | 1169.3 |
       Dungeon |   7016 |   6897 |    119 |   2021 |   3490 |   6 | 1169.3 |
               +--------+--------+--------+--------+--------+-----+--------+

Top non-repeatable levels by time:
     D:6: 1571 daAuts
     D:1: 1292 daAuts
     D:3: 1229 daAuts
     D:2: 1177 daAuts
     D:4: 1019 daAuts
     D:5: 727 daAuts
